 Dungeon Crawl Stone Soup version 0.18.1-48-g4cf74bf (webtiles) character file.

1416 Peloso the Protected (level 8, -18/70 HPs)
             Began as a Minotaur Fighter on Sept 12, 2016.
             Killed from afar by asdguy00's ghost (24 damage)
             ... with a bolt of negative energy
             ... on level 6 of the Dungeon.
             The game lasted 00:12:51 (4275 turns).

Peloso the Protected (Minotaur Fighter)             Turns: 4275, Time: 00:12:51

Health: -18/70     AC: 16    Str: 25    XL:     8   Next: 43%
Magic:  7/7        EV:  5    Int:  8    God:
Gold:   341        SH: 11    Dex: 13    Spells: 0 memorised, 7 levels left

rFire  . . .     SeeInvis .     s - +1 falchion (elec)
rCold  . . .     Gourm    .     l - +1 plate armour
rNeg   . . .     Faith    .     c - +0 shield
rPois  .         Spirit   .     (helmet restricted)
rElec  .         Dismiss  .     t - +0 cloak
rCorr  +         Reflect  .     (no gloves)
SustAt .         Harm     .     y - +0 pair of boots
MR     .....                    (no amulet)
Stlth  ..........               E - ring of resist corrosion
                                C - +3 ring of intelligence

@: mighty, lethally poisoned (-18 -> -22), heavily drained, not resistant to
hostile enchantments, extremely unstealthy
A: retaliatory headbutt, horns 2
a: no special abilities


You were on level 6 of the Dungeon.
You were not hungry.

You visited 1 branch of the dungeon, and saw 6 of its levels.

You collected 341 gold pieces.

Inventory:

Hand Weapons
 a - a +0 long sword
 g - a +3 falchion
 s - a +1 falchion of electrocution (weapon)
Armour
 c - a +0 shield (worn)
 l - a +1 plate armour (worn)
 t - a +0 cloak (worn)
 y - a +0 pair of boots (worn)
Jewellery
 C - a +3 ring of intelligence (left hand)
 E - a ring of resist corrosion (right hand)
Wands
 x - a wand of polymorph (19/24)
 D - a wand of flame (48/48)
Scrolls
 e - 7 scrolls of remove curse
 h - a scroll of noise {unknown}
 j - 7 scrolls of identify
Potions
 b - a potion of curing
 d - 2 potions of might
 p - a potion of brilliance
 u - a potion of invisibility {unknown}
 v - 2 potions of heal wounds {unknown}
 w - a potion of ambrosia {unknown}
Comestibles
 f - 2 bread rations
 o - 2 meat rations
 q - a slice of pizza


   Skills:
 + Level 6.1(4.4) Fighting
 + Level 5.8(4.1) Long Blades
 + Level 8.1(6.4) Armour
 + Level 1.2(0.0) Dodging
 + Level 7.7(6.0) Shields


You had 7 spell levels left.
You didn't know any spells.

Dungeon Overview and Level Annotations

Branches:
Dungeon (6/15)
 Temple: D:4-7

Altars:
Pakellas
The Shining One

Shops:
D:4 (

Annotations:
D:6 asdguy00's ghost, novice DrFE


Innate Abilities, Weirdness & Mutations

You reflexively headbutt those who attack you in melee.
You have a pair of horns on your head.


Message History

Your plate armour prevents you from hitting asdguy00's ghost.
Asdguy00's ghost is heavily damaged.
You feel sick.
Asdguy00's ghost points at you and mumbles some strange words.
The sting hits you!
You are more poisoned.
* * * LOW HITPOINT WARNING * * *
You barely miss asdguy00's ghost.
Asdguy00's ghost is heavily damaged.
Asdguy00's ghost gestures at you while chanting.
The puff of flame hits you!
* * * LOW HITPOINT WARNING * * *
A crimson imp comes into view.
Unknown command.
You miss asdguy00's ghost.
Asdguy00's ghost is heavily damaged.
You feel sick.
Asdguy00's ghost breathes negative energy at you.
The bolt of negative energy hits you!
You feel drained.
You die...

### #.#.. #.# #.#.. #.#
#.... #.# ####. #.#
###. . #.########.##
... #........#.##
.....#######.######...#
....FhW@............#.#
.....5#####...#.....#.#
..... #...#.....#.##
..#. #####.....#... ...
#.....#... ..
#####.#... 5 ###.##
###+## #.....


You could see a giant frog, a howler monkey, asdguy00's ghost, a crimson imp and
a shadow imp.

Vanquished Creatures
  Prince Ribbit (D:5)
  Sigmund (D:3)
  Eustachio (D:4)
  The ghost of Noshyer the Charlatan, an amateur DsAr (D:3)
  An ogre (D:4)
  Blork the orc (D:5)
  5 wights (D:6)
  A centaur zombie (D:5)
  A hound (D:4)
  Crazy Yiuf (D:4)
  Natasha (thrice) (D:3)
  An orc wizard (D:6)
  A worker ant (D:5)
  A worker ant zombie (D:5)
  Robin (D:3)
  10 adders
  An ooze (D:3)
  An adder skeleton (D:5)
  A worm (D:5)
  8 giant geckos
  10 orcs
  5 bats
  8 giant cockroaches
  8 goblins
  11 hobgoblins
  8 jackals
  A ball python (D:1)
  2 giant gecko zombies (D:5)
  5 giant newts
  6 kobolds
  6 rats
  A bush (D:4)
  2 plants (D:4)
115 creatures vanquished.

Notes
Turn   | Place    | Note
--------------------------------------------------------------
     0 | D:1      | Peloso the Minotaur Fighter began the quest for the Orb.
     0 | D:1      | Reached XP level 1. HP: 19/19 MP: 0/0
    67 | D:1      | Reached XP level 2. HP: 27/27 MP: 1/1
   601 | D:2      | Reached skill level 4 in Armour
   601 | D:2      | Reached XP level 3. HP: 25/33 MP: 2/2
  1063 | D:2      | Found an oddly glowing altar of Pakellas.
  1215 | D:3      | Noticed Noshyer's ghost (amateur DsAr)
  1243 | D:3      | Killed Noshyer's ghost
  1243 | D:3      | Reached skill level 5 in Armour
  1243 | D:3      | Reached skill level 5 in Shields
  1243 | D:3      | Reached XP level 4. HP: 16/41 MP: 3/3
  1243 | D:3      | Reached XP level 5. HP: 18/47 MP: 4/4
  1439 | D:3      | Noticed Natasha
  1448 | D:3      | Killed Natasha
  1501 | D:3      | Noticed Natasha
  1510 | D:3      | Killed Natasha
  1525 | D:3      | Reached XP level 6. HP: 52/55 MP: 5/5
  1550 | D:3      | Noticed Sigmund
  1560 | D:3      | Noticed Natasha
  1566 | D:3      | Killed Natasha
  1586 | D:3      | Killed Sigmund
  1586 | D:3      | Reached skill level 5 in Fighting
  1586 | D:3      | Reached skill level 6 in Armour
  2346 | D:3      | Found a glowing golden altar of the Shining One.
  2440 | D:4      | Noticed Robin
  2457 | D:3      | Killed Robin
  2573 | D:4      | Reached XP level 7. HP: 58/61 MP: 6/6
  2575 | D:4      | Noticed Eustachio
  2590 | D:4      | Killed Eustachio
  2773 | D:4      | Found Wyceqar's Weapon Shop.
  2816 | D:4      | Reached skill level 1 in Dodging
  2950 | D:4      | Noticed Crazy Yiuf
  2956 | D:4      | Killed Crazy Yiuf
  2956 | D:4      | Reached skill level 7 in Armour
  3133 | D:5      | Entered Level 5 of the Dungeon
  3223 | D:5      | Noticed Blork the orc
  3379 | D:5      | Killed Blork the orc
  3379 | D:5      | Reached skill level 5 in Long Blades
  3503 | D:5      | Noticed Prince Ribbit
  3520 | D:5      | Killed Prince Ribbit
  3520 | D:5      | Reached XP level 8. HP: 42/69 MP: 7/7
  4048 | D:6      | Reached skill level 8 in Armour
  4260 | D:6      | Noticed asdguy00's ghost (novice DrFE)
  4275 | D:6      | Killed from afar by asdguy00's ghost

Skill      XL: |  1  2  3  4  5  6  7  8 |
---------------+-------------------------+-----
Shields        | 4 5 6 7 |  7.7
Fighting       | 4 5 6 |  6.1
Armour         | 4 5 6 7 8 |  8.1
Long Blades    | 3 4 5 |  5.8
Dodging        | 1 |  1.2

Action                   |  1- 3 |  4- 6 |  7- 9 || total
-------------------------+-------+-------+-------++-------
Melee: Long sword        |   115 |    75 |       ||   190
       Headbutt          |    19 |    18 |    43 ||    80
       Falchion          |       |    17 |   153 ||   170
  Use: Potion            |     1 |       |     1 ||     2
       Scroll            |       |       |    11 ||    11
  Eat: Chunk             |       |     6 |     5 ||    11
Armor: Scale mail        |     7 |       |       ||     7
       Plate armour      |    72 |    64 |    53 ||   189
Dodge: Dodged            |    20 |     9 |    27 ||    56
Block: Shield            |    61 |    65 |    50 ||   176
